 Dungeon Crawl Stone Soup version 0.30-a0-1164-ge08a67761e (webtiles) character file.

Game seed: 14887172288999349357

2516 themarg the Spear-Bearer (level 9, -15/81 HPs)
             Began as a Merfolk Berserker on Apr 29, 2023.
             Was a Priest of Trog.
             Demolished by Maggie
             ... wielding a +1 heavy scimitar
              (20 damage)
             ... on level 7 of the Dungeon.
             The game lasted 00:11:57 (5346 turns).

themarg the Spear-Bearer (Merfolk Berserker)        Turns: 5346, Time: 00:11:57

Health: -15/81     AC: 11    Str: 21    XL:     9   Next: 54%
Magic:  9/9        EV:  9    Int:  7    God:    Trog [***...]
Gold:   336        SH:  4    Dex: 13    Spells: 8/8 levels left

rFire   . . .        n - +0 trident
rCold   . . .        (no shield)
rNeg    . . .        q - +0 chain mail
rPois   .            (no helmet)
rElec   .            k - +0 cloak
rCorr   +            N - +1 pair of gloves
SInv    .            (no boots)
Will    ++...        t - amulet of regeneration Stlth
                     f - ring of resist corrosion
HPRegen 2.13/turn    (no ring)
MPRegen 0.11/turn

%: no passive effects
@: mighty, brilliant, strong-willed, flying, mesmerised, regenerating
A: (nimble swimmer 2), mertail, large bone plates 1, robust 1
a: Renounce Religion, Berserk, Trog's Hand


You were on level 7 of the Dungeon.
You worshipped Trog.
Trog was most pleased with you.
You visited 1 branch of the dungeon, and saw 7 of its levels.

You collected 336 gold pieces.

Inventory:

Hand Weapons
 n - a +0 trident (weapon)
Missiles
 h - 85 stones (quivered)
 y - 3 boomerangs
 L - 16 poisoned darts
 M - a curare-tipped dart
Armour
 k - a +0 cloak (worn)
 q - a +0 chain mail (worn)
 N - a +1 pair of gloves (worn)
Jewellery
 f - a ring of resist corrosion (left hand)
 t - an amulet of regeneration (around neck)
 E - a ring of magical power
Wands
 u - a wand of flame (22)
 C - a wand of mindburst (18)
 F - a wand of charming (19)
 J - a wand of roots (10)
 K - a wand of light (7)
Scrolls
 b - 2 scrolls of immolation {unknown}
 g - a scroll of poison {unknown}
 i - 3 scrolls of identify {unknown}
 j - a scroll of vulnerability
 l - 3 scrolls of magic mapping {unknown}
 o - 2 scrolls of fog {unknown}
 p - a scroll of enchant armour {unknown}
 r - 3 scrolls of teleportation
 v - a scroll of torment {unknown}
 x - 2 scrolls of enchant weapon {unknown}
 z - a scroll of brand weapon {unknown}
 B - 2 scrolls of fear {unknown}
 G - a scroll of acquirement {unknown}
Potions
 a - 2 potions of heal wounds {unknown}
 c - 3 potions of mutation
 d - 3 potions of brilliance
 e - a potion of haste {unknown}
 m - a potion of flight
 s - a potion of lignification {unknown}
 w - 2 potions of curing {unknown}
 A - 2 potions of might
 D - a potion of berserk rage {unknown}
 H - a potion of ambrosia {unknown}
 I - 2 potions of cancellation {unknown}


   Skills:
 + Level 8.0 Fighting
 - Level 14.0 Polearms
 - Level 1.3 Armour
 - Level 2.6 Dodging
 - Level 2.0 Evocations


You had 8 spell levels left.
You didn't know any spells.
Your spell library was empty.

Dungeon Overview and Level Annotations

Branches:
Dungeon (7/15)             Temple (0/1) D:4

Altars:
Elyvilon
Fedhas
Uskayaw

Annotations:
D:7 Maggie


Innate Abilities, Weirdness & Mutations

((You are very nimble when in or above water. (Stealth+, EV+, Speed+++)))
Your lower body shifts to a powerful aquatic tail in water.
You are partially covered in large bone plates. (SH +4)
You are robust. (+10% HP)


Message History

You puncture Maggie!
Maggie is severely wounded.
Maggie casts a spell at you. The bolt of fire hits you!
* * * LOW HITPOINT WARNING * * *
The bolt of fire hits the orc!!
The orc dies!
It was a potion of brilliance.
You feel clever all of a sudden. The orc closely misses you.
Something hits you but does no damage. The orc hits you but does no damage.
Maggie barely misses you.
It was a potion of mutation.
You feel extremely strange.
Large bone plates grow over parts of your arms.
You feel robust.
You block the orc's attack. x2; Something hits you but does no damage.
The orc barely misses you.
It was a potion of might.
You feel very mighty all of a sudden.
The orc misses you. x2; The orc hits you with a +0 club.
* * * LOW HITPOINT WARNING * * *
Something hits you but does no damage. Maggie casts a spell at you.
The bolt of fire misses you.
You barely miss Maggie. You punch Maggie!
Maggie is almost dead.
The orc hits you but does no damage. The orc hits you with a +0 club.
* * * LOW HITPOINT WARNING * * *
The orc hits you with a +0 club.
* * * LOW HITPOINT WARNING * * *
Something hits you but does no damage.
Maggie hits you with a +1 heavy scimitar!
* * * LOW HITPOINT WARNING * * *
It was a potion of flight.
You feel very buoyant.
You fly up into the air.
The orc hits you with a +0 club.
* * * LOW HITPOINT WARNING * * *
The orc hits you but does no damage. You block something's attack.
You block the orc's attack.
Maggie hits you with a +1 heavy scimitar!!
You die...

#......... #.........
#........ ########
####....... .......##
#........# .........
#.....#..#
......########.....#
......#..........o)#
......#.#...#..)@@#.o....
......#........oo{'...##.
#†....###...#.....#......
#........................
#.....###.......#.?......
#)....###...###.#.#.####.
.......##......##....
......................
................#


You could see Maggie (mesmerising) and 3 orcs.

Vanquished Creatures
  Prince Ribbit (D:7)
  A hornet (D:4)
  Duvessa (D:5)
  3 ice beasts
  3 black bears
  3 centaurs (D:6)
  2 kobold brigands (D:6)
  A bullfrog (D:6)
  2 scorpions
  3 wights (D:6)
  Dowan (D:5)
  An electric eel (D:6)
  3 orc priests
  5 hounds
  2 iguanas
  3 orc wizards
  13 gnolls
  11 adders
  A shadow imp (D:6)
  An ufetubus (D:6)
  A worm (D:2)
  3 dart slugs
  20 orcs
  3 ball pythons
  6 bats
  4 endoplasms
  A giant cockroach (D:2)
  5 goblins
  7 hobgoblins
  2 quokkas (D:2)
  2 frilled lizards
  11 kobolds
  6 rats
132 creatures vanquished.

Vanquished Creatures (others)
  An orc (D:7)
  2 plants (D:6)
3 creatures vanquished.

Grand Total: 135 creatures vanquished

Notes
Turn   | Place    | Note
-------+----------+-------------------------------------------
     0 | D:1      | themarg the Merfolk Berserker began the quest for the Orb.
     0 | D:1      | Reached XP level 1. HP: 18/18 MP: 1/1
   318 | D:1      | Found a faded altar of an unknown god.
   336 | D:1      | Reached XP level 2. HP: 24/24 MP: 2/2
   886 | D:2      | Reached XP level 3. HP: 29/30 MP: 3/3
   940 | D:2      | Reached skill level 5 in Polearms
   952 | D:2      | Reached ** piety under Trog
  1072 | D:2      | Reached XP level 4. HP: 18/38 MP: 4/4
  1752 | D:3      | Reached XP level 5. HP: 30/43 MP: 5/5
  1756 | D:3      | Reached skill level 5 in Fighting
  1756 | D:3      | Reached skill level 6 in Polearms
  2416 | D:4      | Reached skill level 7 in Polearms
  2559 | D:4      | Reached XP level 6. HP: 49/51 MP: 6/6
  2786 | D:4      | Noticed a hornet
  2804 | D:4      | Paralysed by a hornet for 3 turns
  2813 | D:4      | Killed a hornet
  2814 | D:4      | Reached skill level 9 in Polearms
  2814 | D:4      | Reached XP level 7. HP: 54/56 MP: 7/7
  2915 | D:4      | Found a staircase to the Ecumenical Temple.
  3181 | D:4      | Found a hide-covered altar of Uskayaw.
  3238 | D:4      | Found a blossoming altar of Fedhas.
  3593 | D:4      | Reached skill level 10 in Polearms
  3753 | D:5      | Entered Level 5 of the Dungeon
  3881 | D:5      | Noticed Dowan
  3907 | D:5      | Reached skill level 11 in Polearms
  3907 | D:5      | Reached XP level 8. HP: 53/62 MP: 8/8
  3931 | D:5      | Killed Dowan
  4074 | D:5      | Noticed Duvessa
  4089 | D:5      | Killed Duvessa
  4090 | D:5      | Reached skill level 12 in Polearms
  4320 | D:6      | Reached skill level 13 in Polearms
  4325 | D:6      | Reached *** piety under Trog
  4557 | D:6      | Reached skill level 14 in Polearms
  4557 | D:6      | Reached XP level 9. HP: 68/68 MP: 9/9
  4609 | D:6      | Reached skill level 1 in Evocations
  4953 | D:6      | Found a white marble altar of Elyvilon.
  5276 | D:7      | Noticed Prince Ribbit
  5291 | D:7      | Killed Prince Ribbit
  5320 | D:7      | Noticed Maggie
  5343 | D:7      | Gained mutation: You are partially covered in large bone
                  | plates. (SH +4) [potion of mutation]
  5343 | D:7      | Gained mutation: You are robust. (+10% HP) [potion of
                  | mutation]
  5346 | D:7      | Demolished by Maggie

Illustrated notes

Levels and vault maps discovered:
D:1:      mrwooster_arrival_arrow, layout_loops_ring,
          shapermc_ecumenical_altar_gd
D:2:      layout_loops_ring, minmay_bisected
D:3:      layout_basic, kennysheep_cluttered_room
D:4:      layout_layer_cave, mainiacjoe_overflow_large_starburst,
          minmay_temple_entry_ruins
D:5:      layout_basic, minivault_24, uniq_duvessa
D:6:      minmay_inner_zag, layout_loops_ring, nicolae_elyvilon_temple_path
D:7:      layout_basic, uniq_crazy_yiuf_cottage, uniq_maggie,
          uniq_prince_ribbit1

Skill      XL: |  1  2  3  4  5  6  7  8  9 |
---------------+----------------------------+-----
Fighting       | 4 5 8 |  8.0
Polearms       | 5 7 9 11 14 | 14.0
Evocations     | 2 |  2.0
Armour         | |  1.3
Dodging        | |  2.6

Action                     |  1- 3 |  4- 6 |  7- 9 || total
---------------------------+-------+-------+-------++-------
  Melee: Spear             |    45 |       |       ||    45
         Trident           |    57 |   163 |   335 ||   555
         Punch             |       |     3 |     2 ||     5
 Invoke: Berserk           |       |     2 |     1 ||     3
         Trog's Hand       |       |       |     3 ||     3
  Evoke: Wand              |       |       |     3 ||     3
    Use: Scroll            |       |     1 |     1 ||     2
         Potion            |       |       |     4 ||     4
   Stab: Sleeping          |     3 |       |       ||     3
 Armour: Animal skin       |     2 |       |       ||     2
         Ring mail         |    27 |       |       ||    27
         Chain mail        |     8 |    85 |   111 ||   204
  Dodge: Dodged            |    50 |    62 |    85 ||   197
  Block: Other             |       |       |     4 ||     4

Table legend: (Time is in decaauts)
 A = Elapsed time spent in this place.
 B = Non-inter-level travel time spent in this place.
 C = Inter-level travel time spent in this place.
 D = Time resting spent in this place.
 E = Time spent auto-exploring this place.
 F = Levels seen in this place.
 G = Mean time per level.
                   A        B        C        D        E       F      G
               +--------+--------+--------+--------+--------+-----+--------+
         Total |   5264 |   5061 |    203 |    309 |   3719 |   7 |  752.0 |
       Dungeon |   5264 |   5061 |    203 |    309 |   3719 |   7 |  752.0 |
               +--------+--------+--------+--------+--------+-----+--------+

Top non-repeatable levels by time:
     D:4: 1260 daAuts
     D:3: 909 daAuts
     D:2: 837 daAuts
     D:6: 813 daAuts
     D:1: 735 daAuts
     D:5: 516 daAuts
     D:7: 192 daAuts
